 Dungeon Crawl Stone Soup version 0.25-a0-100-g33052ceff8 (webtiles) character file.

Game seed: 12991806422531806341, levelgen mode: deterministic

7 MrRokkomies the Sneak (level 1, 0/9 HPs)
             Began as a Spriggan Enchanter on Nov 15, 2019.
             Slain by a jackal (2 damage)
             ... on level 1 of the Dungeon.
             The game lasted 00:00:41 (217 turns).

MrRokkomies the Sneak (Spriggan Enchanter)           Turns: 217, Time: 00:00:42

Health: 0/9        AC:  2    Str:  4    XL:     1   Next: 91%
Magic:  5/5        EV: 18    Int: 16    God:
Gold:   12         SH:  0    Dex: 16    Spells: 4/5 levels left

rFire    . . .     SeeInvis +   a - +1 dagger
rCold    . . .     Gourm    .   (shield restricted)
rNeg     . . .     Faith    .   b - +0 robe
rPois    .         Spirit   .   (helmet restricted)
rElec    .         Reflect  .   (no cloak)
rCorr    .         Harm     .   (gloves unavailable)
MR       .....                  (boots unavailable)
Stlth    +++.......             (no amulet)
HPRegen  0.03/turn              (no ring)
MPRegen  0.09/turn              (no ring)

@: very quick
A: very small, unfitting armour, see invisible, herbivore, speed 3, slow
metabolism 2
a: no special abilities


You were on level 1 of the Dungeon.
You were not hungry.

You visited 1 branch of the dungeon, and saw 1 of its levels.

You collected 12 gold pieces.

Inventory:

Hand Weapons
 a - a +1 dagger (weapon)
Armour
 b - a +0 robe (worn)
Scrolls
 e - a scroll of enchant armour {unknown}
Potions
 c - 2 potions of invisibility {unknown}
Comestibles
 d - 2 rations


   Skills:
 * Level 1.6 Short Blades
 - Level 3.0 Dodging
 + Level 4.6 Stealth
 - Level 2.6 Spellcasting
 * Level 3.9 Hexes


You had 4 spell levels left.
You knew the following spells:

 Your Spells              Type           Power        Failure   Level  Hunger
a - Corona                Hex            ##.....      3%          1    #......

Your spell library contained the following spells:

 Spells                   Type           Power        Failure   Level  Hunger
 Confuse                  Hex            ##......     12%         3    ###....
 Tukima's Dance           Hex            ##......     12%         3    ###....
 Ensorcelled Hibernation  Hex/Ice        #.....       13%         2    ##.....
 Dazzling Spray           Conj/Hex       #.....       26%         3    ###....


Dungeon Overview and Level Annotations

Branches:
Dungeon (1/15)

Altars:


Innate Abilities, Weirdness & Mutations

You are very small and have problems with some larger weapons.
You are too small for most types of armour.
You have supernaturally acute eyesight. (SInv)
You are a herbivore.
You cover ground extremely quickly.
You need to consume almost no food.


Message History

The slug dart misses you.
You hit the dart slug.
You kill the dart slug!
The jackal bites you.
You barely miss the jackal. The jackal misses you.
You hit the jackal.
The jackal is moderately wounded.
The jackal misses you.
You hit the jackal.
The jackal is heavily wounded.
The jackal bites you.
* * * LOW HITPOINT WARNING * * *
You hit the jackal.
You kill the jackal!
The jackal bites you but does no damage.
You hit the jackal.
The jackal is moderately wounded.
The jackal misses you.
You hit the jackal but do no damage. The jackal bites you.
You die...

####### ####
###...... ## ...
#.....#
....##.###.!...# #
#....hh@.....#
#...#$###.##.....#
##
..........##.....#
#...
.......#...###.#.#
#..# ####
...........# #.#.#
#..# ....
#.....###..# #.#.#
#..#.... #...#.
....##.#.###..#..#
#.....
#...##...)....#..#
##.#.
#........†.......##.


You could see 2 jackals.

Vanquished Creatures
  A dart slug (D:1)
  A ball python (D:1)
  A jackal (D:1)
  A kobold (D:1)
  A bat (D:1)
5 creatures vanquished.

Notes
Turn   | Place    | Note
-------+----------+-------------------------------------------
     0 | D:1      | MrRokkomies the Spriggan Enchanter began the quest for the
                  | Orb.
     0 | D:1      | Reached XP level 1. HP: 9/9 MP: 5/5
   217 | D:1      | Slain by a jackal

Levels and vault maps discovered:
D:1:      scummos_arrival_gate, layout_loops_ring

Action                   || total
-------------------------++-------
Melee: Dagger            ||    31
Armor: Robe              ||     3
Dodge: Dodged            ||    32

Table legend:
 A = Non-vault XP
 B = Vault XP
 C = Vault XP percentage of total XP
 D = Non-vault monster count
 E = Vault monster count
 F = Vault count percentage of total count
                 A         B        C        D         E       F
            +---------+---------+-------+---------+---------+-------
      Total |      11 |       0 |   0.0 |       5 |       0 |   0.0
            +---------+---------+-------+---------+---------+-------
        D:1 |      11 |       0 |   0.0 |       5 |       0 |   0.0
            +---------+---------+-------+---------+---------+-------
